AoeStats
← E-d-d-i-e91G

Nomad

506813250Analyzed
2v2 RM · 19d ago on Sep 15, 2026· 55m 27s· 4 players
Game mode
Random Map
Map size
176×176
Population
200
Speed
Normal
Resources
Standard
Victory
Conquest
Starting age
Dark Age
Ending age
Imperial Age
RankedLock teamsTeams togetherTeam positionsShared explorationLock speedFull tech treeHidden civsTurbo modeCheats
Victory
Defeat
🇫🇷 Britons · France
728
+6
🇮🇹 Byzantines · Italy
659
+8
🇦🇺 Khmer · Australia
475
-9
🇦🇺 Goths · Australia
470
-8
fournier.emmy
3:39 Loom
14:24 Feudal Age
15:00 Double-Bit Axe
21:59 Fishing Lines
22:50 Gold Mining
25:50 Castle Age
25:23 Scale Mail Armor
25:24 Padded Archer Armor
25:17 Fletching
28:00 Bow Saw
28:03 Town Watch
28:30 Horse Collar
30:18 Scale Barding Armor
33:13 Chain Barding Armor
33:06 Forging
35:09 Stone Mining
35:25 Heavy Plow
35:24 Murder Holes
41:01 Ballistics
45:01 Imperial Age
43:23 Masonry
44:13 Wheelbarrow
43:39 Town Patrol
44:21 Husbandry
45:01 Iron Casting
44:22 Bodkin Arrow
45:19 Capped Ram
46:07 Cavalier
48:41 Yeomen
48:22 Warwolf
50:25 Architecture
50:56 Chemistry
50:02 Siege Engineers
51:00 Hand Cart
52:56 Two-Man Saw
52:15 Chain Mail Armor
52:15 Leather Archer Armor
Cuordipallone
16:27 Feudal Age
20:08 Man-at-Arms
21:07 Double-Bit Axe
21:46 Gold Mining
21:54 Horse Collar
22:36 Forging
22:27 Scale Mail Armor
22:32 Scale Barding Armor
28:03 Stone Mining
31:22 Castle Age
37:42 Wheelbarrow
40:47 Bow Saw
40:41 Heavy Plow
41:18 Gold Shaft Mining
41:28 Chain Barding Armor
41:23 Chain Mail Armor
41:44 Iron Casting
50:18 Imperial Age
48:07 Hand Cart
52:27 Elite Cataphract
E-d-d-i-e91G
21:26 Feudal Age
21:46 Man-at-Arms
23:05 Fishing Lines
24:22 Wheelbarrow
29:01 Scale Barding Armor
29:04 Town Watch
35:23 Double-Bit Axe
36:14 Bloodlines
40:17 Castle Age
41:37 Medium Warships
46:45 Imperial Age
IAMASTROMAN9714
14:38 Feudal Age
16:40 Horse Collar
17:00 Double-Bit Axe
18:38 Fishing Lines
31:33 Castle Age
30:36 Man-at-Arms
32:31 Loom
33:22 Wheelbarrow
43:25 Gold Mining
Connection lost

Rejoining the realm…

Still unreachable

The connection could not be restored.

Session expired

The server has moved on; the page needs a fresh start.